 Dungeon Crawl Stone Soup version 0.18-a0-1507-g69458e0 (webtiles) character file.

214 css the Covert (level 5, -2/26 HPs)
             Began as a Spriggan Assassin on Mar 5, 2016.
             Was a Follower of Yredelemnul.
             Slain by a giant frog (9 damage)
             ... in a sewer.
             The game lasted 00:07:00 (3939 turns).

css the Covert (Spriggan Assassin)                  Turns: 3939, Time: 00:07:00

Health: -2/26      AC:  4    Str: 12    XL:     5   Next: 60%
Magic:  6/6        EV: 19    Int: 13    God:    Yredelemnul [*.....]
Gold:   164        SH:  8    Dex: 18    Spells: 0 memorised, 4 levels left

rFire  + . .     SeeInvis +     a - +2 dagger
rCold  x . .     Gourm    .     c - +0 robe
rNeg   . . .     Faith    .     o - +2 buckler
rPois  .         Spirit   .     (helmet restricted)
rElec  .         Dismiss  .     i - +1 cloak {MR+}
rCorr  .         Reflect  .     (gloves unavailable)
SustAt .         Harm     .     (boots unavailable)
MR     +....                    (no amulet)
Stlth  ++++......               (no ring)
                                j - ring of fire

@: mighty, very slightly contaminated, invisible, very quick, somewhat resistant
to hostile enchantments, stealthy
A: unfitting armour, see invisible, herbivore 3, speed 3, slow metabolism 2
a: Animate Remains, Renounce Religion


You were in a sewer.
You worshipped Yredelemnul.
Yredelemnul was aware of your devotion.
You were very hungry.

You visited 1 branch of the dungeon, and saw 3 of its levels.
You also visited: Sewer.

You collected 164 gold pieces.

Inventory:

Hand Weapons
 a - a +2 dagger (weapon)
 b - a +0 blowgun
Missiles
 e - 47 poisoned needles
 f - 2 curare-tipped needles
Armour
 c - a +0 robe (worn)
 d - a +0 cloak
 i - a +1 cloak of magic resistance (worn)
 o - a +2 buckler (worn)
Jewellery
 j - a ring of fire (left hand)
Wands
 n - a wand of digging (6/24)
 p - a wand of lightning (4/15)
Scrolls
 h - 2 scrolls of teleportation
 k - a scroll of immolation
 r - a scroll of remove curse
Potions
 q - a potion of cancellation {unknown}
 s - a potion of heal wounds {unknown}
Comestibles
 g - a bread ration


   Skills:
 + Level 2.3 Fighting
 + Level 3.2 Short Blades
 + Level 2.0 Throwing
 + Level 3.8 Dodging
 + Level 8.0 Stealth
 * Level 1.0 Shields


You had 4 spell levels left.
You didn't know any spells.

Dungeon Overview and Level Annotations

Branches:
Dungeon (3/15)

Altars:
Nemelex Xobeh
Yredelemnul


Innate Abilities, Weirdness & Mutations

You are tiny and cannot use many weapons and most armour.
You have supernaturally acute eyesight.
You are a herbivore.
You cover ground extremely quickly.
You need consume almost no food.


Message History

You block the giant frog's attack.
You hit the giant frog.
The giant frog is lightly wounded.
The giant frog hits you. The giant frog hits you!
You block the giant frog's attack.
You hit the giant frog.
The giant frog is moderately wounded.
The giant frog hits you!
* * * LOW HITPOINT WARNING * * *
You block the giant frog's attack.
Drink which item? (? for menu, Esc to quit)
You fade into invisibility!
The giant frog misses you. x3
You are very lightly contaminated with residual magic.
Drink which item? (? for menu, Esc to quit)
It was a potion of might.
You feel very mighty all of a sudden. The giant frog hits you!
You die...
Your body rises from the dead as a mindless zombie.

#.≈≈≈.≈≈≈≈≈≈≈≈≈## #.#
#.≈≈≈≈≈≈≈≈≈≈≈≈≈≈# #≈#
#.≈≈≈≈≈≈≈≈≈≈≈≈≈≈## #≈#
#.≈≈≈≈≈≈≈≈≈≈≈.≈≈≈# #≈#
#.≈≈≈≈≈≈≈≈≈≈≈.∩≈≈# #≈#
#.≈≈≈≈≈≈≈≈..≈.≈≈≈## #≈#
#.≈≈≈≈≈≈.≈≈..≈≈≈≈≈# #.#
### #.≈≈≈≈≈≈≈≈.≈≈≈≈≈≈≈#
#.# #.#
#.≈≈≈≈≈≈≈≈.@F≈≈≈≈≈# #.#
#∩# #.≈≈≈≈≈≈≈≈?(F.≈≈≈≈#
#.# #.#
#.≈≈≈≈≈≈≈≈.)..≈≈≈≈# #.#
#∩# #.≈≈≈.≈≈≈≈≈.≈≈≈≈≈≈#
#.# #.#
#.≈≈≈.≈≈≈≈≈≈≈≈≈≈≈## #.#
#.# #.≈≈≈.≈≈≈≈≈≈≈≈≈≈≈#
#.#
##≈###.≈≈≈.≈≈≈≈≈≈≈≈≈≈≈#
#.#
#.≈.##.≈≈≈.#≈≈≈≈≈≈≈≈≈##
#.# #≈≈.##.≈≈≈.#≈≈≈≈≈≈
#.#


You could see 2 giant frogs.

Vanquished Creatures
  A hound (D:3)
  An orc priest (D:3)
  An orc wizard (D:3)
  3 adders
  2 oozes
  A worm (D:2)
  2 dart slugs
  5 giant geckos
  An orc (D:3)
  5 ball pythons (Sewer)
  6 bats
  7 giant cockroaches
  11 goblins
  6 hobgoblins
  7 jackals
  5 kobolds
  8 giant newts
  7 rats
79 creatures vanquished.

Notes
Turn   | Place    | Note
--------------------------------------------------------------
     0 | D:1      | css the Spriggan Assassin began the quest for the Orb.
     0 | D:1      | Reached XP level 1. HP: 10/10 MP: 2/2
    87 | D:1      | Reached skill level 6 in Stealth
   352 | D:1      | Reached XP level 2. HP: 12/15 MP: 3/3
   476 | D:1      | Reached skill level 7 in Stealth
   699 | D:1      | Reached XP level 3. HP: 18/18 MP: 4/4
  1710 | D:2      | Found a sparkling altar of Nemelex Xobeh.
  2128 | D:2      | Found a basalt altar of Yredelemnul.
  2182 | D:2      | Became a worshipper of Yredelemnul the Dark
  2350 | D:2      | Reached XP level 4. HP: 23/23 MP: 5/5
  3329 | D:3      | Reached XP level 5. HP: 11/26 MP: 6/6
  3336 | D:3      | Reached * piety under Yredelemnul
  3619 | D:3      | Found a glowing drain.
  3632 | Sewer    | Entered a sewer
  3714 | Sewer    | Reached skill level 1 in Shields
  3881 | Sewer    | Reached skill level 8 in Stealth
  3939 | Sewer    | Slain by a giant frog

Vault maps used:
D:1:      sevenhm_arrival_forest_fort_small_3
D:2:      yredelemnul_altar_generic, nemelex_lonely_heart_becter
D:3:      portal_sewer_entry_e
Sewer:    sewer_frog_island_01

Skill      XL: |  1  2  3  4  5 |
---------------+----------------+-----
Stealth        | 6 7 8 |  8.0
Dodging        | 2 3 |  3.8
Fighting       | 2 |  2.3
Short Blades   | 3 |  3.2
Shields        | 1 |  1.0
Throwing       | |  2.0

Action                   |  1- 3 |  4- 6 || total
-------------------------+-------+-------++-------
Melee: Dagger            |   120 |   179 ||   299
  Use: Scroll            |       |     4 ||     4
       Potion            |       |     3 ||     3
 Stab: Sleeping          |    14 |     7 ||    21
       Invisible         |       |     5 ||     5
